 Dungeon Crawl Stone Soup version 0.22-a0-271-gc000056a37 (webtiles) character file.

420 RedPan the Insei (level 6, -1/49 HPs)
             Began as a Demonspawn Monk on Mar 10, 2018.
             Was a Believer of Cheibriados.
             Slain by Pikel
             ... wielding a +2 whip of electrocution
              (6 damage)
             ... on level 4 of the Dungeon.
             The game lasted 00:06:40 (5070 turns).

RedPan the Insei (Demonspawn Monk)                  Turns: 5070, Time: 00:06:41

Health: -1/49      AC:  3    Str: 24    XL:     6   Next: 62%
Magic:  7/7        EV: 15    Int: 17    God:    Cheibriados [**....]
Gold:   246        SH:  0    Dex: 21    Spells: 5/5 levels left

rFire    . . .     SeeInvis .     - Unarmed
rCold    + . .     Gourm    +   (no shield)
rNeg     . . .     Faith    .   i - +0 robe
rPois    .         Spirit   .   (no helmet)
rElec    .         Reflect  .   (no cloak)
rCorr    +         Harm     .   p - +0 pair of gloves
MR       .....                  (no boots)
Stlth    ++........             j - amulet of the gourmand
HPRegen  0.16/turn              a - ring of resist corrosion
MPRegen  0.10/turn              l - +4 ring of strength

@: very slow
A: cold resistance 1, spiny 1, freezing cloud immunity
a: Bend Time, Renounce Religion


You were on level 4 of the Dungeon.
You worshipped Cheibriados.
Cheibriados was pleased with you.
You were very full.

You visited 1 branch of the dungeon, and saw 6 of its levels.

You collected 246 gold pieces.

Inventory:

Armour
 i - a +0 robe (worn)
 p - a +0 pair of gloves (worn)
 s - a cursed +0 large shield
Jewellery
 a - a ring of resist corrosion (left hand)
 j - an amulet of the gourmand (around neck)
 l - a +4 ring of strength (right hand)
 m - an uncursed ring of flight
Wands
 o - a wand of acid (7)
Scrolls
 e - a scroll of amnesia
 h - 3 scrolls of remove curse
 q - 2 scrolls of identify
 t - a scroll of fog
 u - a scroll of random uselessness {unknown}
 v - 3 scrolls of teleportation
 w - 2 scrolls of fear
Potions
 c - a potion of mutation
 d - a potion of agility
 f - 3 potions of flight
 g - 2 potions of ambrosia
 k - a potion of curing
 n - a potion of haste
 r - a potion of degeneration {unknown}
Comestibles
 b - 4 rations


   Skills:
 + Level 4.4 Fighting
 + Level 4.0 Dodging
 - Level 1.7 Stealth
 * Level 4.9 Unarmed Combat
 - Level 2.0 Evocations


You had 5 spell levels left.
You didn't know any spells.

Dungeon Overview and Level Annotations

Branches:
Dungeon (6/15)             Temple (0/1) D:5

Altars:
Cheibriados
The Shining One

Annotations:
D:4 Pikel
D:5 exclusion: phantom


Innate Abilities, Weirdness & Mutations

Your flesh is cold resistant. (rC+)
You are partially covered in sharp spines.
You are immune to freezing clouds.


Message History

Pikel is severely wounded.
Pikel barely misses you.
You closely miss Pikel.
Pikel is severely wounded.
Pikel hits you with a whip of electrocution.
You are electrocuted!
* * * LOW HITPOINT WARNING * * *
Evoke which item? (* to show all) (? for menu, Esc to quit)
Aiming: Corrosive Bolt
Press: ? - help, Shift-Dir - straight line, f - Pikel
Aim: Pikel, wielding a whip of electrocution and wearing a runed robe (severely wounded, unusually resistant)
The bolt of acid hits Pikel.
Pikel is severely wounded.
The bolt of acid hits the slave.
The slave is splashed with acid.
The slave is heavily wounded.
The bolt of acid hits the slave.
The slave is splashed with acid.
The acid corrodes the slave!
The slave is heavily wounded.
Pikel hits you with a whip of electrocution.
You die...

#...#### #.# #...#
#
#.#########...####
#.#...............
#.#.##############
#.#...........<...
#.#..###.#........
#.#..# #.#........
#@#..# ##########.
#K#..# ##.
####p#..# #..
#...pp#####.. ##.
####.##8.p... #..
####..'pK..._ ##.
#.....#8..... ##.
####.## ###.. #..
#.# ##.


You could see Pikel and 3 slaves.

Vanquished Creatures
  Menkaure (D:6)
  A slave (D:4)
  2 scorpions (D:4)
  A bullfrog skeleton (D:4)
  A worker ant (D:4)
  2 worker ant zombies
  4 adders
  2 oozes (D:2)
  An adder skeleton (D:4)
  A worm (D:4)
  A dart slug (D:2)
  3 leopard geckos
  An orc (D:4)
  3 bats (D:3)
  2 giant cockroaches (D:3)
  8 goblins
  6 hobgoblins
  6 jackals
  5 kobolds
  A quokka (D:3)
  A ball python (D:3)
  4 frilled lizards
  A giant cockroach zombie (D:3)
  A leopard gecko skeleton (D:3)
  9 rats
68 creatures vanquished.

Vanquished Creatures (others)
  4 toadstools (D:1)
4 creatures vanquished.

Grand Total: 72 creatures vanquished

Notes
Turn   | Place    | Note
-------+----------+-------------------------------------------
     0 | D:1      | RedPan the Demonspawn Monk began the quest for the Orb.
     0 | D:1      | Reached XP level 1. HP: 18/18 MP: 1/1
   616 | D:1      | Gained mutation: Your flesh is cold resistant. (rC+) [demonic ancestry]
   616 | D:1      | Reached XP level 2. HP: 18/24 MP: 2/2
  1624 | D:2      | Gained mutation: You are immune to freezing clouds. [demonic ancestry]
  1624 | D:2      | Reached XP level 3. HP: 11/29 MP: 3/3
  3257 | D:3      | Reached XP level 4. HP: 35/35 MP: 4/4
  3852 | D:3      | You fall through a shaft for 3 floors!
  3854 | D:6      | Noticed Menkaure
  3859 | D:6      | Killed Menkaure
  3859 | D:6      | Reached skill level 1 in Evocations
  3859 | D:6      | Reached XP level 5. HP: 42/42 MP: 4/6
  3889 | D:5      | Entered Level 5 of the Dungeon
  3891 | D:5      | Noticed a phantom
  3916 | D:5      | Found a snail-covered altar of Cheibriados.
  3942 | D:5      | Became a worshipper of Cheibriados the Contemplative
  3942 | D:5      | Reached * piety under Cheibriados
  3942 | D:5      | Reached ** piety under Cheibriados
  3978 | D:5      | Found a staircase to the Ecumenical Temple.
  4223 | D:4      | Gained mutation: You are partially covered in sharp spines. [demonic ancestry]
  4223 | D:4      | Reached XP level 6. HP: 45/48 MP: 7/7
  5045 | D:4      | Found a glowing golden altar of the Shining One.
  5045 | D:4      | Noticed Pikel
  5045 | D:4      | Noticed a slave
  5045 | D:4      | Noticed a slave
  5045 | D:4      | Noticed a slave
  5045 | D:4      | Noticed a slave
  5060 | D:4      | Killed a slave
  5070 | D:4      | Slain by Pikel

Vault maps used:
D:1:      ldierk_walled_garden_2, nrook_uturn, kennysheep_crisscross,
          minivault_27
D:3:      serial_undead, serial_undead_a, serial_undead_d, serial_undead_d,
          serial_undead_e
D:4:      doesnt_xom_only_xom, portal_sewer_entry_e, uniq_pikel, uniq_eustachio
D:5:      cheibriados_altar_1, temple_pool_b, serial_glass, glass_columns_a,
          glass_columns_a, glass_columns_b, glass_columns_b, glass_columns_c,
          glass_columns_b, glass_columns_a, glass_columns_b, glass_columns_a,
          glass_columns_a, glass_columns_a, glass_columns_b, glass_columns_a,
          glass_columns_a, minmay_strange_pillars, minmay_strange_pillars,
          feat_on_display, item_on_display_a, first_ration, basic_altar
D:6:      kennysheep_little_box, uniq_sigmund, uniq_menkaure

Skill      XL: |  1  2  3  4  5  6 |
---------------+-------------------+-----
Unarmed Combat | 3 4 |  4.9
Dodging        | 3 4 |  4.0
Fighting       | 4 |  4.4
Evocations     | 1 2 |  2.0
Stealth        | |  1.7

Action                   |  1- 3 |  4- 6 || total
-------------------------+-------+-------++-------
Melee: Unarmed           |   135 |   123 ||   258
       Punch             |       |     2 ||     2
Evoke: Wand              |       |     3 ||     3
  Use: Scroll            |     6 |     6 ||    12
 Stab: Sleeping          |     2 |     4 ||     6
       Distracted        |       |     1 ||     1
  Eat: Chunk             |    16 |     3 ||    19
Armor: Robe              |    16 |    13 ||    29
Dodge: Dodged            |    68 |    68 ||   136

Table legend:
 A = Spawn XP
 B = Non-spawn XP
 C = Spawn XP percentage of total XP
 D = Spawn monster count
 E = Non-spawn monster count
 F = Spawn count percentage of total count
 G = Total turns spent on level
                    A         B        C        D         E        F      G
               +---------+---------+-------+---------+---------+-------+---------
         Total |       0 |     600 |   0.0 |       0 |      67 |   0.0 |  5070
               +---------+---------+-------+---------+---------+-------+---------
           D:1 |       0 |      16 |   0.0 |       0 |      10 |   0.0 |  1033
           D:2 |       0 |      63 |   0.0 |       0 |      19 |   0.0 |  2081
           D:3 |       0 |      66 |   0.0 |       0 |      23 |   0.0 |   928
           D:4 |       0 |     255 |   0.0 |       0 |      13 |   0.0 |   873
           D:5 |       0 |      17 |   0.0 |       0 |       1 |   0.0 |   118
           D:6 |       0 |     183 |   0.0 |       0 |       1 |   0.0 |    37
               +---------+---------+-------+---------+---------+-------+---------
